AoeStats
← aitorpevi

Black Forest

509934037Analyzed
4v4 RM · 5d ago on Sep 28, 2026· 62m 30s· 8 players
Game mode
Random Map
Map size
Large (8 player)
Population
200
Speed
Normal
Resources
Standard
Victory
Conquest
Starting age
Dark Age
Ending age
Imperial Age
RankedLock teamsTeams togetherTeam positionsShared explorationLock speedFull tech treeHidden civsTurbo modeCheats
Victory
Defeat
🇧🇷 Persians · Brazil
914
+12
🇨🇳 Bulgarians · China
883
+14
🇦🇷 Celts · Argentina
790
+17
770
+18
🇹🇳 Koreans · Tunisia
875
-17
🇪🇸 Ethiopians · Spain
846
-16
🇨🇿 Bohemians · Czechia
817
-15
🇺🇦 Turks · Ukraine
768
-13
Drako
0:54 Loom
15:59 Feudal Age
17:36 Double-Bit Axe
19:43 Town Watch
22:35 Castle Age
21:06 Fletching
23:10 Elite Skirmisher
29:20 Wheelbarrow
31:09 Fortified Wall
31:39 Murder Holes
39:21 Imperial Age
40:15 Chemistry
39:36 Ballistics
40:01 Capped Ram
47:27 Caravan
48:55 Bodkin Arrow
49:11 Forging
51:23 Conscription
52:35 Bow Saw
53:36 Bombard Tower
52:52 Crossbowman
55:35 Houfnice
O.
0:28 Loom
12:27 Feudal Age
12:53 Double-Bit Axe
13:23 Horse Collar
19:38 Castle Age
25:19 Heavy Plow
26:14 Treadmill Crane
27:54 Fortified Wall
28:16 Bow Saw
28:07 Stone Mining
28:11 Gold Mining
28:55 Caravan
29:40 Masonry
30:10 Wheelbarrow
31:18 Hand Cart
32:06 Town Watch
35:59 Imperial Age
34:42 Ballistics
35:05 Gold Shaft Mining
34:34 Scale Mail Armor
34:44 Forging
34:08 Pikeman
34:15 Crossbowman
35:59 Chain Mail Armor
36:12 Murder Holes
36:56 Iron Casting
36:16 Fletching
36:30 Squires
36:41 Thumb Ring
38:08 Chemistry
38:02 Conscription
38:53 Two-Man Saw
37:47 Arson
38:55 Plate Mail Armor
38:56 Bodkin Arrow
38:48 Elite Skirmisher
39:25 Halberdier
40:34 Arbalester
42:10 Architecture
43:31 Siege Engineers
44:21 Heavy Rocket Cart
48:32 Bracer
55:02 Shinkichon
55:33 Elite War Wagon
56:22 Scale Barding Armor
56:06 Arrowslits
61:49 Chain Barding Armor
aitorpevi
0:26 Loom
14:33 Feudal Age
17:42 Wheelbarrow
17:36 Double-Bit Axe
19:55 Castle Age
18:03 Gold Mining
18:05 Stone Mining
20:16 Forging
20:13 Scale Barding Armor
22:43 Fishing Lines
27:13 Gillnets
28:23 Gold Shaft Mining
33:34 Chain Barding Armor
33:50 Iron Casting
33:06 Fletching
33:20 Murder Holes
33:48 Ballistics
33:57 Husbandry
36:58 Imperial Age
35:20 Scale Mail Armor
39:51 Heavy Camel Rider
41:23 Siege Engineers
42:19 Chemistry
45:26 Squires
45:28 Bodkin Arrow
46:34 Blast Furnace
45:51 Chain Mail Armor
47:23 Royal Heirs
47:32 Torsion Engines
47:28 Onager
53:59 Royal Heirs
PERSI乛KITLER
0:55 Loom
11:08 Feudal Age
9:23 Loom
14:54 Castle Age
13:27 Horse Collar
13:41 Double-Bit Axe
17:57 Bow Saw
20:02 Heavy Plow
23:19 Gold Mining
23:23 Stone Mining
26:20 Gold Shaft Mining
30:18 Imperial Age
28:30 Ballistics
29:18 Wheelbarrow
29:43 Fletching
29:54 Padded Archer Armor
30:58 Elite Janissary
34:03 Two-Man Saw
34:13 Bodkin Arrow
34:34 Leather Archer Armor
35:56 Conscription
38:22 Bracer
38:58 Ring Archer Armor
JLT_Jhoni
0:30 Loom
16:44 Feudal Age
17:06 Horse Collar
17:17 Gold Mining
17:17 Stone Mining
17:15 Double-Bit Axe
17:19 Town Watch
18:29 Wheelbarrow
22:10 Castle Age
19:55 Fishing Lines
23:42 Bow Saw
24:45 Caravan
26:29 Stone Shaft Mining
26:31 Gold Shaft Mining
25:59 Heavy Plow
26:46 Gillnets
31:10 Imperial Age
31:05 Ballistics
31:08 Elite War Elephant
32:44 Conscription
33:36 Chemistry
33:46 Kamandaran
33:42 Crossbowman
36:31 Two-Man Saw
36:04 Crop Rotation
40:49 Elite Skirmisher
41:45 Padded Archer Armor
41:35 Fletching
56:17 Leather Archer Armor
55:57 Bodkin Arrow
TUNG TUNG TUNG TUNG TUNG SAHUR
9:40 Feudal Age
11:37 Wheelbarrow
11:02 Double-Bit Axe
11:00 Horse Collar
20:33 Castle Age
18:55 Stone Mining
18:55 Gold Mining
20:46 Bloodlines
21:53 Bow Saw
21:47 Heavy Plow
22:40 Hand Cart
26:29 Caravan
28:07 Fletching
28:17 Padded Archer Armor
28:09 Loom
30:06 Town Watch
31:08 Husbandry
34:57 Imperial Age
33:44 Stone Shaft Mining
33:45 Gold Shaft Mining
33:20 Thumb Ring
34:29 Town Patrol
37:07 Hoardings
36:53 Conscription
36:49 Onager
37:44 Bodkin Arrow
38:04 Leather Archer Armor
38:50 Siege Onager
40:02 Conscription
40:31 Parthian Tactics
40:55 Elite Mangudai
41:39 Nomads
42:11 Drill
42:46 Nomads
43:15 Drill
43:31 Hoardings
45:20 Chemistry
44:40 Ballistics
44:16 Murder Holes
44:27 Siege Engineers
44:33 Masonry
44:35 Fortified Wall
45:04 Bracer
世锦赛冠军
3:55 Loom
10:28 Feudal Age
11:56 Double-Bit Axe
20:24 Castle Age
18:56 Horse Collar
23:30 Wheelbarrow
25:12 Fishing Lines
26:50 Gold Mining
26:51 Stone Mining
29:13 Gillnets
29:54 Heavy Plow
33:55 Imperial Age
32:08 Hand Cart
34:07 Bloodlines
33:17 Light Cavalry
33:58 Husbandry
33:59 Stirrups
34:26 Bow Saw
34:12 Onager
35:02 Scale Barding Armor
34:58 Scale Mail Armor
35:08 Forging
34:49 Elite Konnik
37:34 Gold Shaft Mining
37:34 Stone Shaft Mining
37:38 Coinage
37:08 Caravan
38:36 Chain Barding Armor
38:32 Chain Mail Armor
38:46 Conscription
38:26 Bagains
37:58 Siege Onager
38:21 Hussar
39:51 Bagains
43:15 Squires
43:00 Gambesons
46:48 Banking
63:19 Iron Casting
63:39 Plate Barding Armor
63:36 Plate Mail Armor
Franghis Khan
12:47 Feudal Age
12:17 Loom
14:10 Double-Bit Axe
16:02 Gold Mining
15:57 Horse Collar
21:08 Castle Age
19:09 Stone Mining
19:34 Forging
19:24 Scale Mail Armor
23:47 Bow Saw
27:39 Pikeman
29:19 Wheelbarrow
29:27 Chain Mail Armor
32:34 Heavy Plow
38:41 Imperial Age
43:03 Conscription
49:38 Iron Casting
49:33 Plate Mail Armor
48:52 Heavy Scorpion
51:51 Chemistry
54:22 Caravan
Connection lost

Rejoining the realm…

Still unreachable

The connection could not be restored.

Session expired

The server has moved on; the page needs a fresh start.